 Dungeon Crawl Stone Soup version 0.21-a0-460-g737a915 (webtiles) character file.

3443 KristoblXynda the Thrower (level 10, -1/53 HPs)
             Began as a Tengu Hunter on Nov 20, 2017.
             Was a Follower of Okawaru.
             Slain by an orc warrior (11 damage)
             ... in a bailey.
             The game lasted 00:35:47 (9485 turns).

KristoblXynda the Thrower (Tengu Hunter)            Turns: 9485, Time: 00:35:47

Health: -1/53      AC: 12    Str: 15    XL:     10   Next: 5%
Magic:  13/13      EV: 15    Int: 12    God:    Okawaru [*.....]
Gold:   219        SH:  0    Dex: 15    Spells: 9/9 levels left

rFire    . . .     SeeInvis +   b - +1 dagger (venom)
rCold    + . .     Gourm    .   (no shield)
rNeg     . . .     Faith    .   E - +3 ring mail {rC+}
rPois    .         Spirit   .   (helmet restricted)
rElec    .         Reflect  .   B - +0 cloak
rCorr    .         Harm     .   r - +1 pair of gloves
MR       .....                  (boots unavailable)
Stlth    +++.......             e - amulet of regeneration
HPRegen  0.57/turn              D - ring of see invisible
MPRegen  0.13/turn              (no ring)

@: no status effects
A: beak, talons 3, blink, evolution 1, able to fly 1
a: Fly, Blink, Heroism, Renounce Religion


You were in a bailey.
You worshipped Okawaru.
Okawaru was aware of your devotion.
You were not hungry.

You visited 2 branches of the dungeon, and saw 10 of its levels.
You also visited: Bailey.

You collected 557 gold pieces.
You spent 338 gold pieces at shops.

Inventory:

Hand Weapons
 b - a +1 dagger of venom (weapon)
 h - a +1 blowgun
 p - a +0 long sword
Missiles
 c - 6 javelins
 d - 2 throwing nets
 t - 2 needles of sleeping
 x - a tomahawk (quivered)
Armour
 r - a +1 pair of gloves (worn)
 B - a +0 cloak (worn)
 E - a +3 ring mail of cold resistance (worn)
Jewellery
 e - an amulet of regeneration (around neck)
 D - a ring of see invisible (left hand)
Wands
 C - a wand of random effects (17)
Scrolls
 a - a scroll of fear
 j - 2 scrolls of blinking
 m - 2 scrolls of teleportation
 n - 9 scrolls of remove curse
 q - a scroll of amnesia
 A - a scroll of fog
Potions
 v - a potion of brilliance
 z - 2 potions of agility
Books
 y - a book of Minor Magic

   Spells                             Type                      Level
   a - Magic Dart                     Conjuration                  1
   b - Blink                          Translocation                2
   c - Call Imp                       Summoning                    2
   d - Slow                           Hexes                        2
   e - Conjure Flame                  Conjuration/Fire             3
   f - Mephitic Cloud                 Conjuration/Poison/Air       3
Comestibles
 f - 7 bread rations
 k - 4 royal jellies
 s - 3 meat rations


   Skills:
 - Level 2.0 Fighting
 - Level 5.3 Short Blades
 + Level 8.2 Throwing
 - Level 4.0 Armour
 + Level 8.1 Dodging
 - Level 6.3 Stealth
 + Level 2.4 Invocations
 + Level 2.7 Evocations


You had 9 spell levels left.
You didn't know any spells.

Dungeon Overview and Level Annotations

Branches:
Dungeon (9/15)             Temple (1/1) D:7
   Lair: D:8-11         Orc: D:9-12

Altars:
Ashenzari
Cheibriados
Dithmenos
Elyvilon
Fedhas
Gozag
Hepliaklqana
Kikubaaqudgha
Makhleb
Nemelex Xobeh
Okawaru
Qazlal
Ru
Sif Muna
Trog
Uskayaw
Vehumet
Wu Jian
Xom
Yredelemnul
Zin
The Shining One

Shops:
D:8 [


Innate Abilities, Weirdness & Mutations

You have a beak for a mouth.
You have claws for feet.
You can fly.
You can translocate small distances at will.
You evolve.


Message History

You feel invigorated.
The orc warrior shoots a bolt.
The bolt closely misses you. The orc warrior hits you!
* * * LOW HITPOINT WARNING * * *
Unknown command.
You barely miss the orc warrior. You claw the orc warrior.
You kill the orc warrior!
Okawaru accepts your kill.
The orc warrior shoots a bolt.
The bolt closely misses you.
The orc warrior shoots a bolt.
The bolt closely misses you.
The orc warrior shoots a bolt.
The bolt hits you.
You see here a bolt.
You feel less invigorated.
You feel less confused.
The orc warrior shoots a bolt.
The bolt barely misses you.
The orc warrior shoots a bolt.
The bolt hits you!
* * * LOW HITPOINT WARNING * * *
You see here a bolt.
The orc warrior unwields an uncursed arbalest.
The orc warrior hits you!
You die...

..........#
..........#
..........#
...........#
...........#
...(.......#
≈≈≈(..o...#
# #≈≈)..@..#
#.##≈....((#
.^..≈.(.(.(#
#.##≈.)((..#
#(#≈≈..(...#
≈≈≈≈....(..#
....o..(..(#
..........(#
...........#


You could see 2 orc warriors.

Vanquished Creatures
  A steam dragon (D:8)
  Menkaure (D:5)
  Duvessa (D:7)
  6 orc warriors
  An ice beast (D:5)
  A black bear (D:7)
  A necrophage (D:7)
  An eye of draining (D:8)
  5 ogres
  A phantom (D:6)
  A centaur (D:4)
  A bullfrog (D:7)
  A scorpion (D:6)
  Dowan (D:7)
  2 killer bees (D:9)
  A centaur zombie (D:7)
  2 crimson imps (D:7)
  2 quasits (D:8)
  A bullfrog skeleton (D:7)
  5 orc priests
  A centaur skeleton (D:9)
  8 orc wizards
  2 iguanas
  Jessica (D:2)
  A gnoll shaman (D:7)
  6 worker ants
  A killer bee zombie (D:7)
  A hound zombie (D:5)
  2 hound skeletons
  2 worker ant zombies
  12 adders
  12 gnolls
  A howler monkey skeleton (D:8)
  5 shadow imps
  4 worms
  A dart slug (D:1)
  2 leopard geckos
  33 orcs
  7 giant cockroaches
  3 hobgoblins
  2 jackals (D:7)
  2 quokkas
  A ball python (D:2)
  7 bats
  3 frilled lizards
  8 goblins
  11 kobolds
  2 leopard gecko skeletons
  3 quokka skeletons
  5 rats
185 creatures vanquished.

Vanquished Creatures (others)
  An adder (D:8)
1 creature vanquished.

Grand Total: 186 creatures vanquished

Notes
Turn   | Place    | Note
-------+----------+-------------------------------------------
     0 | D:1      | KristoblXynda the Tengu Hunter began the quest for the Orb.
     0 | D:1      | Reached XP level 1. HP: 12/12 MP: 2/2
   135 | D:1      | Reached XP level 2. HP: 16/17 MP: 3/3
   540 | D:1      | Reached skill level 1 in Armour
   812 | D:2      | Reached XP level 3. HP: 16/21 MP: 4/4
  1085 | D:2      | Noticed Jessica
  1094 | D:2      | Killed Jessica
  1094 | D:2      | Reached XP level 4. HP: 26/26 MP: 5/5
  1416 | D:2      | Found a glowing golden altar of the Shining One.
  1452 | D:2      | Gained mutation: You can fly. [Tengu growth]
  1452 | D:2      | Reached XP level 5. HP: 20/30 MP: 6/6
  2426 | D:3      | Found a hide-covered altar of Uskayaw.
  2861 | D:3      | Found an ornate altar of the Wu Jian Council.
  2941 | D:3      | Reached skill level 1 in Short Blades
  3368 | D:4      | Reached skill level 5 in Throwing
  3368 | D:4      | Reached XP level 6. HP: 31/35 MP: 7/7
  3758 | D:4      | Reached XP level 7. HP: 35/40 MP: 8/8
  4104 | D:4      | Found a shimmering altar of Xom.
  4213 | D:5      | Entered Level 5 of the Dungeon
  4222 | D:5      | Found a white marble altar of Elyvilon.
  4936 | D:5      | Reached skill level 5 in Dodging
  4999 | D:5      | Found a blossoming altar of Fedhas.
  5025 | D:5      | Noticed Menkaure
  5038 | D:5      | Killed Menkaure
  5038 | D:5      | Reached XP level 8. HP: 12/44 MP: 5/9
  5681 | D:6      | Reached skill level 5 in Stealth
  7127 | D:7      | Reached XP level 9. HP: 32/48 MP: 10/10
  7408 | D:7      | Found a shimmering altar of Xom.
  7519 | D:7      | Noticed Dowan
  7528 | D:7      | Noticed Duvessa
  7544 | D:7      | Killed Dowan
  7558 | D:7      | Killed Duvessa
  7836 | D:7      | Found a staircase to the Ecumenical Temple.
  7847 | Temple   | Entered the Ecumenical Temple
  7913 | Temple   | Became a worshipper of Warmaster Okawaru
  7942 | D:8      | Reached skill level 5 in Short Blades
  8606 | D:8      | Reached * piety under Okawaru
  8606 | D:8      | Reached skill level 1 in Invocations
  8606 | D:8      | Reached skill level 1 in Evocations
  8778 | D:8      | Found Losuf's Armour Boutique.
  8781 | D:8      | Bought a +3 ring mail of cold resistance for 338 gold pieces
  9221 | D:9      | Found a flagged portal.
  9241 | D:9      | Reached XP level 10. HP: 39/53 MP: 12/12
  9292 | Bailey   | Entered a bailey
  9474 | Bailey   | Gained mutation: You evolve. [potion of mutation]
  9474 | Bailey   | Gained mutation: You can translocate small distances at will. [potion of mutation]
  9485 | Bailey   | Slain by an orc warrior

Vault maps used:
D:1:      dpeg_arrival_court, minmay_misc_feat_chi
D:2:      tso_altar, corexii_hall_statues_l, uniq_jessica
D:3:      overflow_temple_1_default, lemuel_coloured_pillars_altar
D:4:      lemuel_crystal_altar, kennysheep_generic_room_8
D:5:      overflow_temple_1_default, lemuel_round_altar, first_bread,
          uniq_menkaure
D:7:      temple_green, basic_altar, uniq_duvessa
D:8:      serial_shops, nicolae_shop_window_shopping
D:9:      orc_0_dummy, enter_bailey_2
Temple:   nicolae_temple_x_marks_the_god
Bailey:   bailey_polearm_2, bailey

Skill      XL: |  1  2  3  4  5  6  7  8  9 |
---------------+----------------------------+-----
Armour         | 1 2 3 4 |  4.0
Dodging        | 3 4 5 6 8 |  8.1
Stealth        | 2 3 4 6 |  6.3
Short Blades   | 1 2 3 5 |  5.3
Throwing       | 5 6 8 |  8.2
Invocations    | 2 |  2.4
Evocations     | 2 |  2.7
Fighting       | |  2.0

Action                   |  1- 3 |  4- 6 |  7- 9 | 10-12 || total
-------------------------+-------+-------+-------+-------++-------
Melee: Short sword       |    21 |       |       |       ||    21
       Kick              |    26 |    34 |   150 |     1 ||   211
       Peck              |     8 |    20 |   101 |       ||   129
       Dagger            |    65 |   124 |   507 |     5 ||   701
       Whip              |       |       |     4 |       ||     4
 Fire: Blowgun           |       |    40 |   118 |    16 ||   174
Throw: Javelin           |     9 |    10 |    21 |       ||    40
       Tomahawk          |       |       |    30 |       ||    30
 Abil: Fly               |       |     3 |    11 |       ||    14
  Use: Potion            |     1 |     3 |     2 |     4 ||    10
       Scroll            |     2 |     5 |     9 |       ||    16
 Stab: Sleeping          |       |     4 |     6 |       ||    10
       Distracted        |       |     1 |       |       ||     1
  Eat: Chunk             |       |     8 |     9 |     1 ||    18
       Fruit             |       |     1 |    12 |       ||    13
Armor: Leather armour    |    27 |       |       |       ||    27
       Robe              |     3 |    12 |       |       ||    15
       Skin              |       |    34 |       |       ||    34
       Ring mail         |       |    17 |   153 |     3 ||   173
Dodge: Dodged            |    60 |    80 |   359 |    19 ||   518

Table legend:
 A = Spawn XP
 B = Non-spawn XP
 C = Spawn XP percentage of total XP
 D = Spawn monster count
 E = Non-spawn monster count
 F = Spawn count percentage of total count
 G = Total turns spent on level
                    A         B        C        D         E        F      G
               +---------+---------+-------+---------+---------+-------+---------
         Total |       0 |    4919 |   0.0 |       0 |     186 |   0.0 |  9485
               +---------+---------+-------+---------+---------+-------+---------
           D:1 |       0 |      25 |   0.0 |       0 |      15 |   0.0 |   792
           D:2 |       0 |     149 |   0.0 |       0 |      26 |   0.0 |  1407
           D:3 |       0 |     129 |   0.0 |       0 |      19 |   0.0 |  1060
           D:4 |       0 |     444 |   0.0 |       0 |      18 |   0.0 |   954
           D:5 |       0 |     578 |   0.0 |       0 |      16 |   0.0 |  1165
           D:6 |       0 |     753 |   0.0 |       0 |      22 |   0.0 |  1468
           D:7 |       0 |    1106 |   0.0 |       0 |      30 |   0.0 |  1017
           D:8 |       0 |     923 |   0.0 |       0 |      25 |   0.0 |  1004
           D:9 |       0 |     543 |   0.0 |       0 |      12 |   0.0 |   352
        Bailey |       0 |     269 |   0.0 |       0 |       3 |   0.0 |   193
               +---------+---------+-------+---------+---------+-------+---------
